 Dungeon Crawl Stone Soup version 0.30-a0-738-g116ff8c4af (webtiles) character file.

Game seed: 5240951020291618383

2760 BigDaddyOpFi the Demonic Disaster (level 9, -2/69 HPs)
             Began as a Demonspawn Fighter on Feb 3, 2023.
             Was a Believer of Qazlal.
             Slain by a yak (10 damage)
             ... on level 8 of the Dungeon.
             The game lasted 00:05:18 (8119 turns).

BigDaddyOpFi the Demonic Disaster (DsFi)            Turns: 8119, Time: 00:05:19

Health: -2/69      AC: 17    Str: 22    XL:     9   Next: 41%
Magic:  15/15      EV: 11    Int:  9    God:    Qazlal [**....]
Gold:   491        SH:  2    Dex: 12    Spells: 8/8 levels left

rFire   . . .      SeeInvis .    f - +0 broad axe
rCold   . . .      Faith    .    r - orb {mayhem}
rNeg    . . .      Spirit   .    k - +0 plate armour
rPois   .          Reflect  .    (no helmet)
rElec   .          Harm     .    (no cloak)
rCorr   .          Rampage  .    h - +0 pair of gloves
Will    +....                    E - +0 pair of boots Stlth
                                 (no amulet)
HPRegen 0.31/turn                o - ring of willpower
MPRegen 0.14/turn                b - +5 ring of evasion

@: no status effects
A: hooves 2, thin metallic scales 1, foul stench 2, demonic magic 1
a: Renounce Religion, Upheaval


You were on level 8 of the Dungeon.
You worshipped Qazlal.
Qazlal was pleased with you.
You visited 1 branch of the dungeon, and saw 9 of its levels.
You visited the Abyss 1 time.

You collected 491 gold pieces.

Inventory:

Hand Weapons
 a - a +0 war axe
 f - a +0 broad axe (weapon)
Missiles
 x - a throwing net (quivered)
Armour
 c - a +0 buckler
 h - a +0 pair of gloves (worn)
 k - a +0 plate armour (worn)
 r - an orb of mayhem (worn)
 E - a +0 pair of boots (worn)
Jewellery
 b - a +5 ring of evasion (right hand)
 e - a ring of ice
 o - a ring of willpower (left hand)
Wands
 D - a wand of flame (28)
Scrolls
 d - a scroll of fear {unknown}
 j - 7 scrolls of identify
 l - 2 scrolls of teleportation {unknown}
 m - a scroll of enchant armour {unknown}
 q - a scroll of brand weapon {unknown}
 u - a scroll of enchant weapon {unknown}
 v - a scroll of torment {unknown}
 y - 3 scrolls of immolation {unknown}
 B - a scroll of silence {unknown}
Potions
 g - a potion of degeneration {unknown}
 i - 2 potions of lignification
 n - a potion of brilliance {unknown}
 p - 2 potions of heal wounds {unknown}
 s - 2 potions of curing {unknown}
 t - a potion of berserk rage
 w - 2 potions of cancellation
 z - 2 potions of attraction {unknown}
 A - 2 potions of haste {unknown}
 C - a potion of might


   Skills:
 + Level 6.2 Fighting
 + Level 5.2 Axes
 + Level 5.6 Armour
 + Level 5.6 Shields
 * Level 9.2 Invocations


You had 8 spell levels left.
You didn't know any spells.
Your spell library contained the following spells:

 Spells                   Type           Power      Damage    Failure   Level
 Blink                    Tloc           0%         N/A       100%        2
 Static Discharge         Conj/Air       0%         2-2/arc   100%        2
 Call Canine Familiar     Summ           0%         N/A       100%        3
 Ignite Poison            Fire/Tmut/Pois 0%         N/A       100%        3
 Kindle Blastsparks       Fire/Tloc/Air  0%         2d10      100%        3
 Portal Projectile        Hex/Tloc       0%         N/A       100%        3
 Vhi's Electric Charge    Tloc/Air       0%         N/A       100%        3
 Leda's Liquefaction      Hex/Erth       0%         N/A       100%        4
 Manifold Assault         Tloc           0%         N/A       100%        4
 Arcjolt                  Conj/Air       0%         1d10      100%        5
 Freezing Cloud           Conj/Ice/Air   0%         6-21      100%        5
 Lightning Bolt           Conj/Air       0%         1d11      100%        5
 Storm Form               Tmut/Air       0%         N/A       100%        7
 Borgnjor's Revivificati  Necr           0%         N/A       100%        8
 Necromutation            Tmut/Necr      0%         N/A       100%        8
 Death's Door             Necr           0%         N/A       100%        9


Dungeon Overview and Level Annotations

Branches:
Dungeon (9/15)             Temple (0/1) D:7
   Lair: D:8-11         Orc: D:9-12

Altars:
Dithmenos
Makhleb
Qazlal
Ru
Vehumet
Yredelemnul

Shops:
D:1 =

Annotations:
D:7 3 runed translucent doors, jimonade's ghost, novice DjFE
D:8 exclusion: statue


Innate Abilities, Weirdness & Mutations

You have hoof-like feet.
You are partially covered in thin metallic scales. (AC +2)
You sometimes emit foul miasma when damaged in melee.
Spells you cast may paralyse adjacent enemies.


Message History

There are monsters nearby!
There are monsters nearby!
A yak comes into view.
The yak bellows!
The howler monkey hoots and howls with incredible vigour!
The yak gores you but does no damage.
You hear a bellow!
You hear an angry hiss.
You hear a shout! x4
There are monsters nearby!
Found a club.
You hear a bellow!
The yak gores you.
There is a stone staircase leading up here.
The yak completely misses you.
The yak is engulfed in freezing vapours.
The yak gores you! The yak completely misses you.
You climb upwards.
Level annotation: exclusion: statue
There is a stone staircase leading down here.
You hit the yak but do no damage.
The yak is moderately wounded.
You hit the yak. x2; The yak is engulfed in blazing flames.
The yak closely misses you. The yak gores you! x2
You barely miss the yak.
The yak is moderately wounded.
You hit the yak. You slash the yak!
The yak is engulfed in blazing flames.
The yak gores you but does no damage. The yak gores you!
The yak barely misses you.
You barely miss the yak.
The yak is moderately wounded.
You hit the yak. You slash the yak!
You kill the yak!
Qazlal accepts your kill.
The yak flies into a frenzy!
The yak gores you. The yak barely misses you. x2
The yak misses you.
You hit the yak.
The yak is moderately wounded.
The yak gores you!!
* * * LOW HITPOINT WARNING * * *
The yak gores you!
You die...

..............#.....###........#
...###.......##....###.........##
#### #........###..####.###....##
PP.#####.......#....#....##...##.
...#.#.#..........#.........#....
_P^.#.#.........###.####....##.#.
...##.##............##........##.
P^.#####........†....#...........
####.#.........○@................
#..............YY.....^.......#..
............##...............##..
..#.#........##..........#.......
..####........##..#...#..#.###..#
..# #........#..###..#.........#
..## #............#####......#..#
...###...#...#...######...#######
.....#...#.###..###........#


You could see a yak and a neutral yak (fast, strong, insane, distracted).

Vanquished Creatures
  Psyche (D:8)
  A wyvern (D:8)
  A yak (D:8)
  Menkaure (D:7)
  Duvessa (D:5)
  A water moccasin (D:5)
  An ice beast (D:7)
  2 black bears
  2 orc warriors
  A sky beast (D:7)
  3 centaurs
  An ogre (D:5)
  A scorpion (D:5)
  3 bullfrogs
  3 necrophages
  Dowan (D:5)
  2 howler monkeys (D:7)
  A hound (D:5)
  3 jellies
  An orc priest (D:8)
  3 iguanas
  4 gnolls
  5 adders
  A shadow imp (D:7)
  3 white imps
  An ufetubus (D:5)
  2 worms
  A dart slug (D:3)
  6 orcs
  4 endoplasms
  2 giant cockroaches (D:1)
  4 goblins
  9 hobgoblins
  2 jackals (D:5)
  11 kobolds
  3 quokkas (D:1)
  4 ball pythons
  3 bats
  A frilled lizard (D:1)
  4 rats
104 creatures vanquished.

Vanquished Creatures (collateral kills)
  An orc priest (D:8)
  A jackal (D:5)
2 creatures vanquished.

Vanquished Creatures (others)
  An orc (D:6)
1 creature vanquished.

Grand Total: 107 creatures vanquished

Notes
Turn   | Place    | Note
-------+----------+-------------------------------------------
     0 | D:1      | BigDaddyOpFi the Demonspawn Fighter began the quest for the
                  | Orb.
     0 | D:1      | Reached XP level 1. HP: 18/18 MP: 1/1
   184 | D:1      | Found Uzesk's Jewellery Shop.
   201 | D:1      | Gained mutation: You may rarely emit foul miasma when
                  | damaged in melee. [demonic ancestry]
   201 | D:1      | Reached XP level 2. HP: 21/24 MP: 2/2
   669 | D:1      | Gained mutation: You have large cloven feet. [demonic
                  | ancestry]
   669 | D:1      | Reached XP level 3. HP: 28/29 MP: 3/3
  1439 | D:2      | Identified the +5 spear "Ohuti" {drain, Fly}
  1460 | D:2      | Found a basalt altar of Yredelemnul.
  1962 | D:3      | Found a burning altar of Makhleb.
  2093 | D:3      | Gained mutation: You sometimes emit foul miasma when
                  | damaged in melee. [demonic ancestry]
  2093 | D:3      | Reached XP level 4. HP: 36/36 MP: 4/4
  2584 | D:4      | Found a shadowy altar of Dithmenos.
  2597 | D:4      | Found a stormy altar of Qazlal.
  2605 | D:4      | Became a worshipper of Qazlal Stormbringer
  2633 | D:4      | Reached skill level 1 in Invocations
  3044 | D:4      | Noticed a black bear
  3047 | D:4      | Killed a black bear
  3048 | D:4      | Reached skill level 2 in Invocations
  3048 | D:4      | Reached XP level 5. HP: 38/42 MP: 6/6
  3354 | D:5      | Entered Level 5 of the Dungeon
  3420 | D:5      | Reached skill level 3 in Invocations
  3420 | D:5      | Reached XP level 6. HP: 43/48 MP: 8/8
  3576 | D:5      | Noticed a water moccasin
  3583 | D:5      | Killed a water moccasin
  3626 | D:5      | Reached * piety under Qazlal
  3627 | D:5      | Reached skill level 4 in Invocations
  3630 | D:5      | Gained mutation: Spells you cast may paralyse adjacent
                  | enemies. [demonic ancestry]
  3630 | D:5      | Reached XP level 7. HP: 17/55 MP: 8/10
  3806 | D:5      | Noticed Dowan
  3807 | D:5      | Noticed Duvessa
  3820 | D:5      | Killed Duvessa
  3821 | D:5      | Reached skill level 5 in Invocations
  3825 | D:5      | Killed Dowan
  5024 | D:6      | Identified the +6 ring mail of Biabukli {rC+}
  5044 | D:6      | Reached skill level 6 in Invocations
  5149 | D:6      | Gained mutation: You have hoof-like feet. [demonic
                  | ancestry]
  5149 | D:6      | Reached XP level 8. HP: 54/61 MP: 12/12
  5152 | D:6      | Reached skill level 5 in Fighting
  6225 | D:7      | Noticed a manticore
  6229 | D:7      | Found a runed translucent gate.
  6229 | D:7      | Found a runed translucent gate.
  6229 | D:7      | Found a runed translucent gate.
  6230 | D:7      | Noticed jimonade's ghost (novice DjFE)
  6345 | D:7      | Noticed Menkaure
  6351 | D:7      | Killed Menkaure
  6612 | D:7      | Found a staircase to the Ecumenical Temple.
  6616 | D:7      | Reached skill level 7 in Invocations
  6641 | D:7      | Reached skill level 5 in Armour
  7085 | D:7      | Reached skill level 5 in Shields
  7210 | D:7      | Reached skill level 8 in Invocations
  7517 | D:8      | Gained mutation: You are partially covered in thin metallic
                  | scales. (AC +2) [demonic ancestry]
  7517 | D:8      | Reached XP level 9. HP: 44/69 MP: 15/15
  7683 | D:8      | Found a radiant altar of Vehumet.
  7741 | D:8      | Reached ** piety under Qazlal
  7746 | D:8      | Reached skill level 5 in Axes
  7755 | D:8      | Noticed Psyche
  7760 | Abyss:2  | Cast into level 2 of the Abyss (Psyche)
  7782 | D:8      | Escaped the Abyss
  7783 | D:8      | Killed Psyche
  7784 | D:8      | Reached skill level 9 in Invocations
  7943 | D:8      | Found a sacrificial altar of Ru.
  8119 | D:8      | Slain by a yak

Illustrated notes

Levels and vault maps discovered:
D:1:      kilobyte_arrival_exit_the_forest, layout_basic, serial_shops, shop,
          st_stairs_1
D:2:      layout_basic, basic_altar
D:3:      layout_loops_cross, lightli_temple_of_fire, minmay_starry_boxes
D:4:      layout_loops_ring, kennysheep_mini_moat, mainiacjoe_overflow_big_doors
D:5:      layout_basic, uniq_duvessa
D:6:      layout_layer_cave, nicolae_kite_square_tiling_tiny
D:7:      layout_basic, temple_fountains, gammafunk_ghost_split, uniq_menkaure
D:8:      layout_cave_pools, vehumet_statue, nicolae_ru_the_path_less_chosen,
          uniq_psyche
D:9:      layout_rooms, grunt_temple_overflow_open, serial_shops,
          nicolae_square_shop

Skill      XL: |  1  2  3  4  5  6  7  8  9 |
---------------+----------------------------+-----
Axes           | 2 3 4 5 |  5.2
Armour         | 3 4 5 |  5.6
Shields        | 3 4 5 |  5.6
Invocations    | 2 3 4 6 8 9 |  9.2
Fighting       | 4 5 6 |  6.2

Action                     |  1- 3 |  4- 6 |  7- 9 || total
---------------------------+-------+-------+-------++-------
  Melee: War axe           |    79 |    87 |    21 ||   187
         Kick              |     3 |    16 |    36 ||    55
         Broad axe         |       |       |   120 ||   120
    Use: Scroll            |     2 |       |       ||     2
         Potion            |       |     1 |     4 ||     5
 Armour: Scale mail        |    26 |       |       ||    26
         Plate armour      |    25 |    58 |    88 ||   171
         Skin              |       |       |    15 ||    15
  Dodge: Dodged            |    28 |    47 |   109 ||   184
  Block: Buckler           |    12 |     9 |       ||    21
         Orb               |       |       |    10 ||    10

Table legend: (Time is in decaauts)
 A = Elapsed time spent in this place.
 B = Non-inter-level travel time spent in this place.
 C = Inter-level travel time spent in this place.
 D = Time resting spent in this place.
 E = Time spent auto-exploring this place.
 F = Levels seen in this place.
 G = Mean time per level.
                   A        B        C        D        E       F      G
               +--------+--------+--------+--------+--------+-----+--------+
         Total |   8255 |   7974 |    281 |    409 |   6621 |  10 |  825.5 |
       Dungeon |   8233 |   7952 |    281 |    409 |   6621 |   9 |  914.8 |
         Abyss |     22 |     22 |      0 |      0 |      0 |   1 |   22.0 |
               +--------+--------+--------+--------+--------+-----+--------+

Top non-repeatable levels by time:
     D:6: 1498 daAuts
     D:7: 1382 daAuts
     D:5: 1307 daAuts
     D:1: 1108 daAuts
     D:4: 798 daAuts
     D:2: 778 daAuts
     D:3: 731 daAuts
     D:8: 623 daAuts
 Abyss:2: 22 daAuts
     D:9: 4 daAuts
